 Dungeon Crawl Stone Soup version 0.22-a0-580-gd5db89c09a (webtiles) character file.

26 Kholdaimon the Skirmisher (level 2, -3/27 HPs)
             Began as a Minotaur Fighter on July 2, 2018.
             Killed from afar by an orc wizard (12 damage)
             ... with a puff of flame
             ... on level 2 of the Dungeon.
             The game lasted 00:02:56 (781 turns).

Kholdaimon the Skirmisher (Minotaur Fighter)         Turns: 781, Time: 00:02:56

Health: -3/27      AC:  7    Str: 20    XL:     2   Next: 89%
Magic:  1/1        EV:  7    Int:  5    God:
Gold:   80         SH:  9    Dex:  9    Spells: 1/1 levels left

rFire    . . .     SeeInvis .   a - +0 war axe
rCold    . . .     Gourm    .   c - +0 shield
rNeg     . . .     Faith    .   b - +0 scale mail
rPois    .         Spirit   .   (helmet restricted)
rElec    .         Reflect  .   (no cloak)
rCorr    .         Harm     .   (no gloves)
MR       .....                  (no boots)
Stlth    ..........             (no amulet)
HPRegen  0.09/turn              (no ring)
MPRegen  0.07/turn              (no ring)

@: no status effects
A: retaliatory headbutt, horns 2
a: no special abilities


You were on level 2 of the Dungeon.
You were not hungry.

You visited 1 branch of the dungeon, and saw 2 of its levels.

You collected 80 gold pieces.

Inventory:

Hand Weapons
 a - a +0 war axe (weapon)
Missiles
 e - 6 stones (quivered)
Armour
 b - a +0 scale mail (worn)
 c - a +0 shield (worn)
Jewellery
 h - an uncursed ring of protection from cold {unknown}
Scrolls
 i - a scroll of fog {unknown}
 j - a scroll of noise {unknown}
 n - a scroll of teleportation {unknown}
 o - a scroll of identify {unknown}
 q - a scroll of blinking {unknown}
Potions
 d - a potion of might
 g - a potion of cancellation {unknown}
 k - a potion of mutation {unknown}
 l - a potion of haste {unknown}
 m - a potion of curing {unknown}
Comestibles
 f - 3 rations


   Skills:
 + Level 4.0 Fighting
 + Level 3.0 Axes
 + Level 4.0 Armour
 + Level 4.0 Shields


You had one spell level left.
You didn't know any spells.
Your spell library was empty.

Dungeon Overview and Level Annotations

Branches:
Dungeon (2/15)

Altars:


Innate Abilities, Weirdness & Mutations

You reflexively headbutt those who attack you in melee.
You have a pair of horns on your head.


Message History

You miss something. Your headbutt misses something. You slash the dart slug!
You kill the dart slug!
Your Axes skill increases to level 3!
You closely miss the rat. You block the rat's attack.
The rat twitches its whiskers.
Something hits you.
The rat bites you but does no damage. x2
The orc misses you. Something hits you but does no damage.
The orc priest calls down the wrath of Beogh upon you.
Beogh smites you!
* * * LOW HITPOINT WARNING * * *
Something hits you but does no damage. Something hits you but does no damage.
You see here a shiny centaur barding.
Something hits you but does no damage. The rat bites you but does no damage.
The rat twitches its whiskers.
You hear some strange, mumbled words.
A puff of flame appears from out of thin air!
The puff of flame hits you!
You die...

... ######### .... ........##
.... ######<..## ....# #####
#.#..#####
.....##...#######......<.##
......#.#......####...##..#
###.....#####.####.#...#....#
#..........##..##..#..........>.
#....).....###.@..####...#......
#..........###r.########........
####........###{....# ###......
#....#....##o###..# .....
####....o..or.....# ...##
##.[.##..........
#.#.###.####...# #....##.>.. ..#
###w....... ..


You could see an orc priest, an orc and 2 rats.

Vanquished Creatures
  A worm (D:2)
  A dart slug (D:2)
  2 orcs (D:2)
  2 goblins
  4 hobgoblins
  4 bats
  2 kobolds
  3 rats
19 creatures vanquished.

Notes
Turn   | Place    | Note
-------+----------+-------------------------------------------
     0 | D:1      | Kholdaimon the Minotaur Fighter began the quest for the Orb.
     0 | D:1      | Reached XP level 1. HP: 19/19 MP: 0/0
   300 | D:1      | Reached XP level 2. HP: 26/27 MP: 1/1
   781 | D:2      | Killed from afar by an orc wizard

Vault maps used:
D:1:      sevenhm_arrival_forest_fort_small_4
D:2:      nicolae_overflow_crystal_walls, first_ration

Skill      XL: |  1  2 |
---------------+-------+-----
Fighting       | 4 |  4.0
Armour         | 4 |  4.0
Shields        | 4 |  4.0
Axes           | 3 |  3.0

Action                   || total
-------------------------++-------
Melee: War axe           ||    35
       Headbutt          ||     8
Armor: Scale mail        ||    25
Dodge: Dodged            ||    19
Block: Shield            ||    22

Table legend:
 A = Spawn XP
 B = Non-spawn XP
 C = Spawn XP percentage of total XP
 D = Spawn monster count
 E = Non-spawn monster count
 F = Spawn count percentage of total count
 G = Total turns spent on level
                    A         B        C        D         E        F      G
               +---------+---------+-------+---------+---------+-------+---------
         Total |       0 |      38 |   0.0 |       0 |      19 |   0.0 |   781
               +---------+---------+-------+---------+---------+-------+---------
           D:1 |       0 |      15 |   0.0 |       0 |      10 |   0.0 |   511
           D:2 |       0 |      23 |   0.0 |       0 |       9 |   0.0 |   270
               +---------+---------+-------+---------+---------+-------+---------
